 Zot Defence DCSS version 0.15-a0-2123-gb18dd36 (webtiles) character file.

71 BluebellGnoll the Magician (level 4, -2/24 HPs)
             Began as a Deep Elf Necromancer on July 16, 2014.
             Slain by a rat (3 damage)
             ... in the Realm of Zot (Scenario III: Two or Three?).
             The game lasted 00:07:04 (472 turns).

BluebellGnoll the Magician (Deep Elf Necromancer)    Turns: 472, Time: 00:07:05

HP  -2/24        AC  2     Str  5      XL: 4   Next:  5%
MP   0/18        EV 13     Int 21      God:
Gold 0           SH  0     Dex 15      Spells:  4 memorised,  6 levels left

rFire  . . .     SeeInvis .     q - +0 dagger
rCold  . . .     Clarity  .     a - +0 robe
rNeg   . . .     rCorr    .     (no shield)
rPois  .         rRot     .     (no helmet)
rElec  .         Spirit   .     (no cloak)
SustAb .         Warding  .     (no gloves)
rMut   .         Stasis   .     (no boots)
Gourm  .                        (no amulet)
MR     .....                    (no ring)
                                (no ring)

@: not resistant to hostile enchantments, unstealthy
A: no striking features
a: Make oklob sapling, Make arrow trap, Make plant, Remove Curse


You were in the Realm of Zot.
You were not hungry.

You visited 1 branch

Inventory:

Hand weapons
 n - a +0 club
 q - a +0 dagger (weapon)
 r - a +0 short sword
Missiles
 j - 6 stones (quivered)
Armour
 a - a +0 robe (worn)
Comestibles
 d - a bread ration
 k - a chunk of bat flesh
 l - a chunk of rat flesh
 m - a rotting chunk of bat flesh
 o - a chunk of rat flesh
 p - 2 chunks of goblin flesh
Scrolls
 i - a scroll of blinking
Potions
 c - 3 potions of curing
 e - a potion of heal wounds
 f - a potion of haste
 g - 2 potions of magic
 h - a potion of berserk rage
Books
 b - a book of Necromancy

   Spells                             Type                      Level
   *Pain                              Necromancy                   1
   *Animate Skeleton                  Necromancy                   1
   *Vampiric Draining                 Necromancy                   3
   *Regeneration                      Charms/Necromancy            3
   Animate Dead                       Necromancy                   4
   Control Undead                     Necromancy                   4


   Skills:
 - Level 2.4 Dodging
 - Level 2.4 Stealth
 + Level 5.9 Spellcasting
 - Level 4.8 Necromancy


You had 6 spell levels left.
You knew the following spells:

 Your Spells              Type           Power        Failure   Level  Hunger
a - Pain                  Necr           ####         1%          1    None
b - Animate Skeleton      Necr           N/A          1%          1    None
c - Vampiric Draining     Necr           ####......   4%          3    ##.....
d - Regeneration          Chrm/Necr      ###.......   14%         3    ##.....


Dungeon Overview and Level Annotations

Branches:
    Zot (1/1)

Altars:


Message History

Confirm with . or Enter, or press ? or * to list all spells.
Aiming: Pain
Press: ? - help, Shift-Dir - straight line, f/p - kobold
Aim: a kobold, wielding a short sword The kobold convulses in agony!
The kobold misses you.
The ooze hits your oklob sapling but does no damage.
Casting: Pain
Confirm with . or Enter, or press ? or * to list all spells.
Aiming: Pain
Press: ? - help, Shift-Dir - straight line, f/p - kobold
Aim: a kobold, wielding a short sword (heavily wounded)
The kobold convulses in agony!
You kill the kobold!
The rat bites you but does no damage. The ooze hits your oklob sapling.
You barely miss the rat. The rat completely misses you.
A goblin comes into view.
You barely miss the rat. The ooze hits your oklob sapling.
The goblin wields a hunting sling.
The goblin shoots a stone.
The stone hits you but does no damage. The rat bites you.
You die...

▓▓...▓..▓▓▓▓▓▓▓▓g▓▓▓▓▓▓▓▓..▓...▓▓
▓▓...▓..▓ ▓)▓ ▓..▓...▓▓ ▓....▓..▓
▓▓)▓▓ ▓..▓....▓ .....▓..▓ ▓...▓
▓..▓..... .....▓..▓ ▓▓.%.▓▓
▓..▓..... .....▓..▓ ▓▓..%.P▓▓
▓..▓.....
.....▓..▓▓▓▓▓...(...▓▓▓▓▓..▓.....
....▓▓..J▓▓....r).....▓▓...▓▓....
▓▓▓▓▓▓▓..P......@.%.......▓▓▓▓▓▓▓
▓▓▓▓▓...........▓▓▓▓▓
▓▓▓.......▓▓▓ ▓▓.....▓▓ ▓▓...▓▓
▓...▓ ▓▓▓▓▓


You could see an ooze, a goblin, a rat and 2 friendly oklob saplings.

Vanquished Creatures
  A giant gecko (Zot)
  6 bats (Zot)
  A giant cockroach (Zot)
  5 goblins (Zot)
  9 kobolds (Zot)
  3 rats (Zot)
25 creatures vanquished.

Vanquished Creatures (collateral kills)
  A worm (Zot)
  A giant cockroach (Zot)
  2 goblins (Zot)
  A ball python (Zot)
  A bat (Zot)
  A kobold (Zot)
  A rat (Zot)
8 creatures vanquished.

Vanquished Creatures (others)
  2 bat skeletons (Zot)
  A goblin skeleton (Zot)
  2 kobold skeletons (Zot)
  2 rat skeletons (Zot)
7 creatures vanquished.

Grand Total: 40 creatures vanquished

Notes
Turn   | Place    | Note
--------------------------------------------------------------
     0 | Zot      | BluebellGnoll, the Deep Elf Necromancer, began the quest for the Orb.
     0 | Zot      | Reached XP level 1. HP: 10/10 MP: 5/5
   218 | Zot      | Reached XP level 2. HP: 10/15 MP: 4/8
   294 | Zot      | Reached XP level 3. HP: 5/19 MP: 3/13
   297 | Zot      | Learned a level 1 spell: Animate Skeleton
   320 | Zot      | Learned a level 3 spell: Vampiric Draining
   324 | Zot      | Learned a level 3 spell: Regeneration
   340 | Zot      | Reached skill level 5 in Spellcasting
   467 | Zot      | Reached XP level 4. HP: 1/24 MP: 2/18
   472 | Zot      | Slain by a rat

Action                   |  1- 3 |  4- 6 || total
-------------------------+-------+-------++-------
Melee: Club              |     1 |       ||     1
       Dagger            |       |     2 ||     2
Throw: Stone             |     1 |       ||     1
 Cast: Pain              |    30 |     4 ||    34
       Animate Skeleton  |     7 |       ||     7
 Abil: Make oklob saplin |     2 |       ||     2
